Crunch vs Griffins
Created - February 20, 2022 at 21:25
Goals
|
Crunch |
1 |
1 |
0 |
2 |
Griffins |
2 |
2 |
0 |
4 |
|
Shots
|
Crunch |
9 |
10 |
2 |
21 |
Griffins |
8 |
10 |
6 |
24 |
|
1st period
1. Griffins , Adam Gaudette 13 (Filip Hronek 4) at 1:26
2. Crunch , Teemu Hartikainen 13 (Brock Boeser 32, Brendan Guhle 8) at 7:21
3. Griffins , Greg McKegg 1 (Phil Oreskovic 6) at 13:41
Penalties :
Michael Ferland (Syr) for Holding (Minor) at 16:57
2nd period
4. Griffins , Mathew Barzal 7 (Danny Kristo 15, Phil Oreskovic 7) at 2:50
5. Crunch , Michael Ferland 1 (Jordan Oesterle 11) at 14:08
6. Griffins , Danny Kristo 16 (Marcus Pettersson 17, Adam Gaudette 20) at 14:39
Penalties :
Noah Hanifin (Syr) for Kneeing (Minor) at 8:06, Jayson Megna (Syr) for Elbowing (Minor) at 15:28
3rd period
No Goal
Penalties :
Riley Armstrong (Gra) for Hooking (Minor) at 0:48, Phil Oreskovic (Gra) for Interference (Minor) at 13:43
Goalie Stats
Kaapo Kahkonen (Syr), 10 saves from 14 shots - (0.714), L, 8-8-3, 34:39 minutes
Josef Korenar (Syr), 10 saves from 10 shots - (1.000), 25:21 minutes
Olivier Roy (Gra), 19 saves from 21 shots - (0.905), W, 11-10-0, 60:00 minutes
Players Stats for Crunch
Player Name G A P +/- PIM S H SB GA TA FO MP PP MP PK MP
------------------------------------------------------------------------------------
Anatoli Golyshev 0 0 0 -1 0 0 1 0 0 0 0/1 9:42 0:00 1:45
Anthony Cirelli 0 0 0 -1 0 1 0 0 1 0 0/0 16:26 1:48 0:00
Brendan Guhle 0 1 1 1 0 0 0 1 0 0 0/0 19:07 1:44 2:18
Brock Boeser 0 1 1 1 0 2 1 0 0 1 0/1 20:04 2:10 3:03
Charles-Olivier Roussel 0 0 0 0 0 0 0 0 0 0 0/0 0:00 0:00 0:00
Christoffer Ehn 0 0 0 -1 0 2 0 1 0 0 8/8 20:28 1:48 2:03
Connor Bunnaman 0 0 0 0 0 0 0 0 0 0 0/0 0:00 0:00 0:00
Dalton Smith 0 0 0 -1 0 1 1 1 0 0 0/0 14:58 0:00 1:00
Dylan Strome 0 0 0 -1 0 1 1 1 0 0 0/0 13:01 0:00 0:00
Jacob Larsson 0 0 0 -1 0 0 0 0 0 0 0/0 4:21 0:00 0:00
Jayson Megna 0 0 0 1 2 2 1 1 0 0 6/21 18:30 2:10 1:00
Jeremy Lauzon 0 0 0 0 0 2 0 0 0 1 0/0 15:07 0:00 0:59
Jordan Oesterle 0 1 1 -3 0 1 0 3 1 0 0/0 26:09 2:14 3:39
Kyle Capobianco 0 0 0 0 0 0 0 0 0 0 0/0 0:00 0:00 0:00
Matt Roy 0 0 0 1 0 0 0 1 0 2 0/0 19:07 1:44 2:18
Max McCormick 0 0 0 -1 0 0 0 0 0 1 0/0 7:05 0:00 0:00
Michael Downing 0 0 0 0 0 0 0 0 0 0 0/0 0:00 0:00 0:00
Michael Ferland 1 0 1 -1 2 3 1 0 1 0 0/0 16:42 1:48 0:00
Mitch Callahan 0 0 0 -1 0 0 0 0 1 0 2/2 13:43 0:00 0:00
Noah Hanifin 0 0 0 -2 2 0 1 2 0 1 0/0 21:24 2:14 2:40
Sean Walker 0 0 0 0 0 2 1 0 0 0 0/0 14:44 0:00 0:00
Teemu Hartikainen 1 0 1 0 0 4 0 0 0 0 3/8 23:22 2:10 3:03
Players Stats for Griffins
Player Name G A P +/- PIM S H SB GA TA FO MP PP MP PK MP
------------------------------------------------------------------------------------
Adam Gaudette 1 1 2 1 0 2 1 0 1 0 1/2 18:15 3:03 0:00
Brendan Woods 0 0 0 1 0 3 3 0 1 0 0/1 20:34 3:49 2:09
Danny Kristo 1 1 2 1 0 5 1 0 0 1 0/0 18:06 2:54 0:32
Filip Hronek 0 1 1 1 0 2 1 1 0 0 0/0 10:19 0:00 0:00
Garrett Wilson 0 0 0 0 0 1 1 0 0 0 0/0 12:25 0:00 0:00
Greg McKegg 1 0 1 0 0 1 0 0 0 0 2/4 10:31 0:03 1:38
Ian McCoshen 0 0 0 1 0 0 1 0 1 1 0/0 17:34 0:00 2:25
Lucas Lessio 0 0 0 1 0 0 2 0 0 0 1/1 19:41 3:03 1:13
Marcus Pettersson 0 1 1 2 0 1 0 0 0 1 0/0 22:50 3:49 0:42
Mathew Barzal 1 0 1 1 0 1 1 0 2 0 4/7 18:02 2:54 0:45
Patrick Wiercioch 0 0 0 -1 0 1 1 0 0 0 0/0 16:58 0:00 1:33
Phil Oreskovic 0 2 2 2 2 0 1 1 0 0 0/0 22:22 2:08 1:19
Riley Armstrong 0 0 0 1 2 1 2 0 0 1 13/23 19:08 3:00 0:55
Ryan Lindgren 0 0 0 0 0 0 0 0 0 0 0/0 5:40 0:00 0:00
Ryan Pulock 0 0 0 -1 0 2 1 2 0 0 0/0 17:21 0:00 1:57
Sonny Milano 0 0 0 0 0 2 1 0 1 0 0/0 14:16 2:08 0:04
Troy Terry 0 0 0 0 0 0 0 0 0 0 0/0 8:14 0:00 0:00
Tyler Pitlick 0 0 0 0 0 2 1 0 0 0 0/0 11:16 2:54 0:00
Vladislav Namestnikov 0 0 0 0 0 0 1 0 0 0 1/3 12:28 0:00 0:40
3 Stars
1 - Adam Gaudette (Gra)
2 - Danny Kristo (Gra)
3 - Mathew Barzal (Gra)
Power Play
Crunch - 0 on 2 Attempt(s) - 0.00%
Griffins - 0 on 3 Attempt(s) - 0.00%
Penalty Kill
Crunch - 3 on 3 Attempt(s) - 100.00%
- Score 0 goal in Penalty Kill
Griffins - 2 on 2 Attempt(s) - 100.00%
- Score 0 goal in Penalty Kill
Team Stat
Crunch - Hits : 8 - Faceoff Wins : 19 - Blocked Shots : 11 - Penalty Minutes : 6
Griffins - Hits : 19 - Faceoff Wins : 22 - Blocked Shots : 4 - Penalty Minutes : 4
Official
Referees : Ian Walsh and Francois St. Laurent
Linesman : Andrew Smith and Tony Sericolo
Game Notes
Josef Korenar enters game at 14:39 of 2nd period
Finance
Level 1 -- Attendance: 1825 (91.25%) -- Ticket Income $63,875
Level 2 -- Attendance: 885 (88.50%) -- Ticket Income $13,275
Total Attendance: 2710 (90.33%)
Total Ticket Income: $77,150
Other Income: $3,858
Total Income: $81,008
Crunch
5 vs 5 Forward
Center Left Wing Right Wing Time % Phy DF OF
1 Jayson Megna Teemu Hartikainen Brock Boeser 40 1 2 2
2 Christoffer Ehn Michael Ferland Anthony Cirelli 30 1 2 2
3 Dylan Strome Dalton Smith Mitch Callahan 20 1 2 2
4 Teemu Hartikainen Anatoli Golyshev Max McCormick 10 1 2 2
5 vs 5 Defense
Defense Defense Time % Phy DF OF
1 Jordan Oesterle Noah Hanifin 40 1 2 2
2 Matt Roy Brendan Guhle 30 1 2 2
3 Sean Walker Jeremy Lauzon 20 1 2 2
4 Jacob Larsson Jordan Oesterle 10 1 2 2
PowerPlay Forward
Center Left Wing Right Wing Time % Phy DF OF
1 Jayson Megna Teemu Hartikainen Brock Boeser 60 1 2 2
2 Christoffer Ehn Michael Ferland Anthony Cirelli 40 1 2 2
PowerPlay Defense
Defense Defense Time % Phy DF OF
1 Jordan Oesterle Noah Hanifin 60 1 2 2
2 Matt Roy Brendan Guhle 40 1 2 2
Penalty Kill 4 Players Forward
Center Wing Time % Phy DF OF
1 Teemu Hartikainen Brock Boeser 60 1 2 2
2 Jayson Megna Christoffer Ehn 40 1 2 2
Penalty Kill 4 Players Defense
Defense Defense Time % Phy DF OF
1 Jordan Oesterle Noah Hanifin 60 1 2 2
2 Matt Roy Brendan Guhle 40 1 2 2
Penalty Kill - 3 Players Forward
Forward Time % Phy DF OF
1 Teemu Hartikainen 60 1 2 2
2 Brock Boeser 40 1 2 2
Penalty Kill - 3 Players Defense
Defense Defense Time % Phy DF OF
1 Jordan Oesterle Noah Hanifin 60 1 2 2
2 Matt Roy Brendan Guhle 40 1 2 2
4 vs 4 Forward
Center Wing Time % Phy DF OF
1 Teemu Hartikainen Brock Boeser 60 1 2 2
2 Jayson Megna Christoffer Ehn 40 1 2 2
4 vs 4 Defense
Defense Defense Time % Phy DF OF
1 Jordan Oesterle Noah Hanifin 60 1 2 2
2 Matt Roy Brendan Guhle 40 1 2 2
Last Minutes Offensive
Center Left Wing Right Wing Defense Defense
Jayson Megna Teemu Hartikainen Brock Boeser Jordan Oesterle Noah Hanifin
Last Minutes Defensive
Center Left Wing Right Wing Defense Defense
Jayson Megna Teemu Hartikainen Brock Boeser Jordan Oesterle Noah Hanifin
Goaltenders
Starting : Kaapo Kahkonen
Backup : Josef Korenar
Extra Forwards
Normal : Dalton Smith, Mitch Callahan, Anatoli Golyshev - PP : Dalton Smith, Mitch Callahan - PK : Anatoli Golyshev
Extra Defensemen
Normal : Sean Walker, Jeremy Lauzon, Jacob Larsson - PP : Sean Walker - PK : Jeremy Lauzon, Jacob Larsson
Penalty Shots
Teemu Hartikainen, Brock Boeser, Jayson Megna, Christoffer Ehn, Anthony Cirelli
Scratches
Jared Staal (Bruised Left Arm Injury)
Griffins
5 vs 5 Forward
Center Left Wing Right Wing Time % Phy DF OF
1 Riley Armstrong Lucas Lessio Adam Gaudette 37 1 2 2
2 Mathew Barzal Brendan Woods Danny Kristo 33 0 2 3
3 Vladislav Namestnikov Sonny Milano Garrett Wilson 20 0 3 2
4 Greg McKegg Tyler Pitlick Troy Terry 10 0 3 2
5 vs 5 Defense
Defense Defense Time % Phy DF OF
1 Marcus Pettersson Phil Oreskovic 40 1 2 2
2 Patrick Wiercioch Ryan Pulock 30 1 2 2
3 Ian McCoshen Filip Hronek 20 1 2 2
4 Ian McCoshen Ryan Lindgren 10 1 2 2
PowerPlay Forward
Center Left Wing Right Wing Time % Phy DF OF
1 Riley Armstrong Lucas Lessio Adam Gaudette 55 1 1 3
2 Mathew Barzal Tyler Pitlick Danny Kristo 45 1 1 3
PowerPlay Defense
Defense Defense Time % Phy DF OF
1 Marcus Pettersson Brendan Woods 55 0 2 3
2 Phil Oreskovic Sonny Milano 45 0 2 3
Penalty Kill 4 Players Forward
Center Wing Time % Phy DF OF
1 Riley Armstrong Brendan Woods 60 1 2 2
2 Vladislav Namestnikov Danny Kristo 40 1 2 2
Penalty Kill 4 Players Defense
Defense Defense Time % Phy DF OF
1 Ian McCoshen Phil Oreskovic 60 1 2 2
2 Patrick Wiercioch Ryan Pulock 40 1 2 2
Penalty Kill - 3 Players Forward
Forward Time % Phy DF OF
1 Brendan Woods 60 1 2 2
2 Riley Armstrong 40 1 2 2
Penalty Kill - 3 Players Defense
Defense Defense Time % Phy DF OF
1 Ian McCoshen Phil Oreskovic 60 1 2 2
2 Patrick Wiercioch Ryan Pulock 40 1 2 2
4 vs 4 Forward
Center Wing Time % Phy DF OF
1 Riley Armstrong Tyler Pitlick 60 1 2 2
2 Vladislav Namestnikov Brendan Woods 40 1 2 2
4 vs 4 Defense
Defense Defense Time % Phy DF OF
1 Marcus Pettersson Phil Oreskovic 60 1 2 2
2 Patrick Wiercioch Ryan Pulock 40 1 2 2
Last Minutes Offensive
Center Left Wing Right Wing Defense Defense
Riley Armstrong Tyler Pitlick Adam Gaudette Marcus Pettersson Danny Kristo
Last Minutes Defensive
Center Left Wing Right Wing Defense Defense
Riley Armstrong Brendan Woods Danny Kristo Marcus Pettersson Phil Oreskovic
Goaltenders
Starting : Olivier Roy
Backup : Marcus Hogberg
Extra Forwards
Normal : Brendan Woods, Lucas Lessio, Garrett Wilson - PP : Brendan Woods, Lucas Lessio - PK : Brendan Woods
Extra Defensemen
Normal : Ryan Pulock, Ian McCoshen, Ryan Lindgren - PP : Ryan Pulock - PK : Ryan Pulock, Ian McCoshen
Penalty Shots
Adam Gaudette, Sonny Milano, Danny Kristo, Vladislav Namestnikov, Troy Terry
Scratches
Jack Ramsey (Healthy), Jordan Weal (Healthy), Konrad Abeltshauser (Healthy), Martin Frk (Healthy), Michael Bunting (Healthy)
Nikita Pavlychev (Healthy), Ryan Mantha (Healthy), Tanner Kero (Healthy), Tomas Hyka (Healthy), Philippe Desrosiers (Healthy)
Adam Werner (Healthy)
% Time on Ice - Crunch
Lines # - Real PCT - Wanted PCT - Time Play
Normal Forward
1 - 31% - 40% - 15:21
2 - 31% - 30% - 15:38
3 - 25% - 20% - 12:25
4 - 13% - 10% - 6:41
Normal Defense
1 - 33% - 40% - 16:31
2 - 30% - 30% - 15:05
3 - 28% - 20% - 14:08
4 - 9% - 10% - 4:21
PP Forward
1 - 55% - 60% - 2:10
2 - 45% - 40% - 1:48
PP Defense
1 - 56% - 60% - 2:14
2 - 44% - 40% - 1:44
PK Forward
1 - 68% - 60% - 4:03
2 - 32% - 40% - 1:54
PK Defense
1 - 61% - 60% - 3:39
2 - 39% - 40% - 2:18
PK3 Forward
1 - 0% - 60%
2 - 0% - 40%
PK3 Defense
1 - 0% - 60%
2 - 0% - 40%
44 Forward
1 - 0% - 60%
2 - 0% - 40%
44 Defense
1 - 0% - 60%
2 - 0% - 40%
Last Minute Offensive - 0:00
Last Minute Defensive - 0:00
Total
Forward - 60:00
Defense - 60:00
|
% Time on Ice - Griffins
Lines # - Real PCT - Wanted PCT - Time Play
Normal Forward
1 - 31% - 37% - 15:44
2 - 29% - 33% - 14:23
3 - 24% - 20% - 11:47
4 - 16% - 10% - 8:11
Normal Defense
1 - 37% - 40% - 18:19
2 - 32% - 30% - 16:12
3 - 21% - 20% - 10:19
4 - 10% - 10% - 5:15
PP Forward
1 - 51% - 55% - 3:03
2 - 49% - 45% - 2:54
PP Defense
1 - 64% - 55% - 3:49
2 - 36% - 45% - 2:08
PK Forward
1 - 87% - 60% - 3:26
2 - 13% - 40% - 0:32
PK Defense
1 - 71% - 60% - 2:49
2 - 29% - 40% - 1:09
PK3 Forward
1 - 0% - 60%
2 - 0% - 40%
PK3 Defense
1 - 0% - 60%
2 - 0% - 40%
44 Forward
1 - 0% - 60%
2 - 0% - 40%
44 Defense
1 - 0% - 60%
2 - 0% - 40%
Last Minute Offensive - 0:00
Last Minute Defensive - 0:00
Total
Forward - 60:00
Defense - 60:00
|
Play-by-Play
1st period
0:01 of 1st period - Riley Armstrong wins face-off versus Teemu Hartikainen in neutral zone.
0:08 of 1st period - Snap shot by Adam Gaudette.
0:08 of 1st period - Shot Misses the Net.
0:10 of 1st period - Wrist shot by Adam Gaudette.
0:10 of 1st period - Stopped by Kaapo Kahkonen with a rebound.
0:14 of 1st period - Wrist shot by Riley Armstrong.
0:14 of 1st period - Deflect By Adam Gaudette.
0:14 of 1st period - Shot Blocked by Noah Hanifin.
0:14 of 1st period - Puck is out of play.
0:15 of 1st period - Christoffer Ehn wins face-off versus Brendan Woods in Crunch zone.
0:30 of 1st period - Wrist shot by Michael Ferland.
0:30 of 1st period - Shot Misses the Net.
1:12 of 1st period - Snap shot by Jayson Megna.
1:12 of 1st period - Shot Misses the Net.
1:26 of 1st period - Snap shot by Adam Gaudette.
1:26 of 1st period - Goal by Adam Gaudette - Crunch : 0 - Griffins : 1.
1:27 of 1st period - Mathew Barzal wins face-off versus Teemu Hartikainen in neutral zone.
1:40 of 1st period - Snap shot by Danny Kristo.
1:40 of 1st period - Stopped by Kaapo Kahkonen with a rebound.
1:54 of 1st period - Phil Oreskovic is hit by Sean Walker and loses puck.
2:39 of 1st period - Snap shot by Jayson Megna.
2:39 of 1st period - Stopped by Olivier Roy with a rebound.
2:41 of 1st period - Snap shot by Teemu Hartikainen.
2:41 of 1st period - Shot Misses the Net.
2:43 of 1st period - Backhand shot by Jeremy Lauzon.
2:43 of 1st period - Shot Misses the Net.
3:31 of 1st period - Snap shot by Dalton Smith.
3:31 of 1st period - Stopped by Olivier Roy with a rebound.
5:20 of 1st period - Snap shot by Garrett Wilson.
5:20 of 1st period - Shot Misses the Net.
5:22 of 1st period - Slapshot by Ryan Pulock.
5:22 of 1st period - Stopped by Kaapo Kahkonen without a rebound.
5:23 of 1st period - Mitch Callahan wins face-off versus Vladislav Namestnikov in Crunch zone.
5:55 of 1st period - Snap shot by Sonny Milano.
5:55 of 1st period - Shot Misses the Net.
5:57 of 1st period - Snap shot by Ian McCoshen.
5:57 of 1st period - Shot Blocked by Dalton Smith.
5:59 of 1st period - Slapshot by Ian McCoshen.
5:59 of 1st period - Deflect By Sonny Milano.
5:59 of 1st period - Shot Misses the Net.
5:59 of 1st period - Puck is out of play.
6:00 of 1st period - Jayson Megna wins face-off versus Riley Armstrong in Crunch zone.
6:07 of 1st period - Backhand shot by Teemu Hartikainen.
6:07 of 1st period - Stopped by Olivier Roy without a rebound.
6:08 of 1st period - Jayson Megna wins face-off versus Riley Armstrong in Griffins zone.
6:33 of 1st period - Snap shot by Dylan Strome.
6:33 of 1st period - Stopped by Olivier Roy with a rebound.
7:21 of 1st period - Snap shot by Teemu Hartikainen.
7:21 of 1st period - Goal by Teemu Hartikainen - Crunch : 1 - Griffins : 1.
7:22 of 1st period - Mathew Barzal wins face-off versus Jayson Megna in neutral zone.
7:30 of 1st period - Off-side.
7:31 of 1st period - Teemu Hartikainen wins face-off versus Mathew Barzal in neutral zone.
8:08 of 1st period - Wrist shot by Brock Boeser.
8:08 of 1st period - Deflect By Teemu Hartikainen.
8:08 of 1st period - Stopped by Olivier Roy with a rebound.
9:00 of 1st period - Backhand shot by Brock Boeser.
9:00 of 1st period - Shot Misses the Net.
9:02 of 1st period - Snap shot by Teemu Hartikainen.
9:02 of 1st period - Stopped by Olivier Roy without a rebound.
9:03 of 1st period - Christoffer Ehn wins face-off versus Riley Armstrong in Griffins zone.
9:28 of 1st period - Ian McCoshen is hit by Dylan Strome and loses puck.
10:07 of 1st period - Slapshot by Jeremy Lauzon.
10:07 of 1st period - Stopped by Olivier Roy without a rebound.
10:08 of 1st period - Christoffer Ehn wins face-off versus Riley Armstrong in Griffins zone.
10:48 of 1st period - Slapshot by Michael Ferland.
10:48 of 1st period - Shot Misses the Net.
10:54 of 1st period - Christoffer Ehn is hit by Phil Oreskovic and loses puck.
11:07 of 1st period - Jeremy Lauzon is hit by Patrick Wiercioch and loses puck.
12:41 of 1st period - Snap shot by Sonny Milano.
12:41 of 1st period - Shot Misses the Net.
13:24 of 1st period - Slapshot by Danny Kristo.
13:24 of 1st period - Shot Blocked by Jordan Oesterle.
13:41 of 1st period - Wrist shot by Greg McKegg.
13:41 of 1st period - Goal by Greg McKegg - Crunch : 1 - Griffins : 2.
13:42 of 1st period - Riley Armstrong wins face-off versus Jayson Megna in neutral zone.
13:42 of 1st period - Riley Armstrong is hit by Jayson Megna.
14:37 of 1st period - Wrist shot by Garrett Wilson.
14:37 of 1st period - Shot Misses the Net.
15:37 of 1st period - Dalton Smith is hit by Filip Hronek and loses puck.
15:42 of 1st period - Wrist shot by Garrett Wilson.
15:42 of 1st period - Stopped by Kaapo Kahkonen with a rebound.
16:27 of 1st period - Slapshot by Riley Armstrong.
16:27 of 1st period - Stopped by Kaapo Kahkonen without a rebound.
16:28 of 1st period - Mathew Barzal wins face-off versus Anatoli Golyshev in Crunch zone.
16:33 of 1st period - Snap shot by Brendan Woods.
16:33 of 1st period - Stopped by Kaapo Kahkonen without a rebound.
16:34 of 1st period - Christoffer Ehn wins face-off versus Mathew Barzal in Crunch zone.
16:57 of 1st period - Minor Penalty to Michael Ferland for Holding.
16:58 of 1st period - Riley Armstrong wins face-off versus Teemu Hartikainen in Crunch zone.
17:43 of 1st period - Off-side.
17:44 of 1st period - Jayson Megna wins face-off versus Riley Armstrong in neutral zone.
17:51 of 1st period - Wrist shot by Christoffer Ehn.
17:51 of 1st period - Stopped by Olivier Roy with a rebound.
18:57 of 1st period - Penalty to Michael Ferland is over, Michael Ferland is back on ice.
19:08 of 1st period - Brendan Guhle is hit by Sonny Milano and loses puck.
Goals for this period are 1 for Crunch vs 2 for Griffins.
Shots for this period are 9 for Crunch vs 8 for Griffins.
2nd period
0:01 of 2nd period - Jayson Megna wins face-off versus Riley Armstrong in neutral zone.
0:29 of 2nd period - Slapshot by Jordan Oesterle.
0:29 of 2nd period - Stopped by Olivier Roy with a rebound.
0:31 of 2nd period - Slapshot by Anthony Cirelli.
0:31 of 2nd period - Shot Blocked by Ryan Pulock.
2:50 of 2nd period - Slapshot by Mathew Barzal.
2:50 of 2nd period - Goal by Mathew Barzal - Crunch : 1 - Griffins : 3.
2:51 of 2nd period - Jayson Megna wins face-off versus Riley Armstrong in neutral zone.
3:51 of 2nd period - Off-side.
3:52 of 2nd period - Riley Armstrong wins face-off versus Jayson Megna in neutral zone.
4:01 of 2nd period - Snap shot by Riley Armstrong.
4:01 of 2nd period - Shot Blocked by Matt Roy.
4:21 of 2nd period - Snap shot by Christoffer Ehn.
4:21 of 2nd period - Stopped by Olivier Roy with a rebound.
4:23 of 2nd period - Slapshot by Michael Ferland.
4:23 of 2nd period - Stopped by Olivier Roy with a rebound.
4:25 of 2nd period - Wrist shot by Sean Walker.
4:25 of 2nd period - Stopped by Olivier Roy with a rebound.
4:27 of 2nd period - Slapshot by Sean Walker.
4:27 of 2nd period - Deflect By Mathew Barzal.
4:27 of 2nd period - Stopped by Olivier Roy without a rebound.
4:28 of 2nd period - Riley Armstrong wins face-off versus Jayson Megna in Griffins zone.
5:37 of 2nd period - Slapshot by Tyler Pitlick.
5:37 of 2nd period - Shot Blocked by Jayson Megna.
5:39 of 2nd period - Wrist shot by Tyler Pitlick.
5:39 of 2nd period - Shot Hit the Post.
5:41 of 2nd period - Slapshot by Patrick Wiercioch.
5:41 of 2nd period - Shot Blocked by Jordan Oesterle.
5:43 of 2nd period - Slapshot by Greg McKegg.
5:43 of 2nd period - Shot Misses the Net.
5:58 of 2nd period - Snap shot by Brock Boeser.
5:58 of 2nd period - Shot Misses the Net.
6:00 of 2nd period - Slapshot by Jeremy Lauzon.
6:00 of 2nd period - Stopped by Olivier Roy without a rebound.
6:01 of 2nd period - Christoffer Ehn wins face-off versus Riley Armstrong in Griffins zone.
6:02 of 2nd period - Slapshot by Anthony Cirelli.
6:02 of 2nd period - Shot Misses the Net.
6:26 of 2nd period - Dalton Smith is hit by Brendan Woods and loses puck.
6:31 of 2nd period - Snap shot by Danny Kristo.
6:31 of 2nd period - Shot Misses the Net.
6:33 of 2nd period - Slapshot by Brendan Woods.
6:33 of 2nd period - Stopped by Kaapo Kahkonen with a rebound.
6:35 of 2nd period - Slapshot by Ian McCoshen.
6:35 of 2nd period - Shot Misses the Net.
6:37 of 2nd period - Slapshot by Filip Hronek.
6:37 of 2nd period - Stopped by Kaapo Kahkonen with a rebound.
6:39 of 2nd period - Slapshot by Filip Hronek.
6:39 of 2nd period - Deflect By Dylan Strome.
6:39 of 2nd period - Stopped by Kaapo Kahkonen with a rebound.
6:57 of 2nd period - Slapshot by Teemu Hartikainen.
6:57 of 2nd period - Shot Misses the Net.
6:59 of 2nd period - Wrist shot by Teemu Hartikainen.
6:59 of 2nd period - Shot Blocked by Filip Hronek.
7:11 of 2nd period - Slapshot by Tyler Pitlick.
7:11 of 2nd period - Stopped by Kaapo Kahkonen without a rebound.
7:12 of 2nd period - Christoffer Ehn wins face-off versus Greg McKegg in Crunch zone.
7:12 of 2nd period - Christoffer Ehn is hit by Tyler Pitlick.
7:18 of 2nd period - Snap shot by Anthony Cirelli.
7:18 of 2nd period - Stopped by Olivier Roy without a rebound.
7:19 of 2nd period - Riley Armstrong wins face-off versus Jayson Megna in Griffins zone.
7:32 of 2nd period - Wrist shot by Jayson Megna.
7:32 of 2nd period - Shot Blocked by Phil Oreskovic.
7:46 of 2nd period - Marcus Pettersson is hit by Michael Ferland and loses puck.
8:06 of 2nd period - Minor Penalty to Noah Hanifin for Kneeing.
8:07 of 2nd period - Teemu Hartikainen wins face-off versus Adam Gaudette in Crunch zone.
8:22 of 2nd period - Wrist shot by Riley Armstrong.
8:22 of 2nd period - Shot Misses the Net.
8:43 of 2nd period - Backhand shot by Adam Gaudette.
8:43 of 2nd period - Shot Blocked by Jordan Oesterle.
10:06 of 2nd period - Penalty to Noah Hanifin is over, Noah Hanifin is back on ice.
10:34 of 2nd period - Patrick Wiercioch is hit by Anatoli Golyshev and loses puck.
10:59 of 2nd period - Jayson Megna is hit by Ryan Pulock and loses puck.
12:00 of 2nd period - Ian McCoshen is hit by Brock Boeser and loses puck.
12:07 of 2nd period - Jordan Oesterle is hit by Lucas Lessio and loses puck.
12:35 of 2nd period - Icing by Anthony Cirelli.
12:36 of 2nd period - Christoffer Ehn wins face-off versus Greg McKegg in Crunch zone.
12:57 of 2nd period - Wrist shot by Brock Boeser.
12:57 of 2nd period - Stopped by Olivier Roy without a rebound.
12:58 of 2nd period - Riley Armstrong wins face-off versus Jayson Megna in Griffins zone.
13:09 of 2nd period - Snap shot by Brock Boeser.
13:09 of 2nd period - Stopped by Olivier Roy with a rebound.
13:11 of 2nd period - Wrist shot by Teemu Hartikainen.
13:11 of 2nd period - Shot Misses the Net.
13:23 of 2nd period - Mitch Callahan is hit by Brendan Woods and loses puck.
14:06 of 2nd period - Wrist shot by Michael Ferland.
14:06 of 2nd period - Shot Blocked by Ryan Pulock.
14:08 of 2nd period - Snap shot by Michael Ferland.
14:08 of 2nd period - Goal by Michael Ferland - Crunch : 2 - Griffins : 3.
14:09 of 2nd period - Adam Gaudette wins face-off versus Jayson Megna in neutral zone.
14:39 of 2nd period - Snap shot by Danny Kristo.
14:39 of 2nd period - Goal by Danny Kristo - Crunch : 2 - Griffins : 4.
14:39 of 2nd period - Josef Korenar enters game.
14:40 of 2nd period - Riley Armstrong wins face-off versus Jayson Megna in neutral zone.
15:17 of 2nd period - Snap shot by Danny Kristo.
15:17 of 2nd period - Deflect By Michael Ferland.
15:17 of 2nd period - Stopped by Josef Korenar without a rebound.
15:18 of 2nd period - Riley Armstrong wins face-off versus Jayson Megna in Crunch zone.
15:28 of 2nd period - Minor Penalty to Jayson Megna for Elbowing.
15:29 of 2nd period - Riley Armstrong wins face-off versus Teemu Hartikainen in Crunch zone.
15:31 of 2nd period - Slapshot by Riley Armstrong.
15:31 of 2nd period - Shot Misses the Net.
15:33 of 2nd period - Wrist shot by Adam Gaudette.
15:33 of 2nd period - Shot Misses the Net.
15:35 of 2nd period - Slapshot by Brendan Woods.
15:35 of 2nd period - Stopped by Josef Korenar without a rebound.
15:36 of 2nd period - Riley Armstrong wins face-off versus Teemu Hartikainen in Crunch zone.
16:42 of 2nd period - Icing by Sonny Milano.
16:43 of 2nd period - Teemu Hartikainen wins face-off versus Riley Armstrong in Griffins zone.
17:04 of 2nd period - Snap shot by Danny Kristo.
17:04 of 2nd period - Shot Blocked by Noah Hanifin.
17:06 of 2nd period - Slapshot by Marcus Pettersson.
17:06 of 2nd period - Stopped by Josef Korenar with a rebound.
17:28 of 2nd period - Penalty to Jayson Megna is over, Jayson Megna is back on ice.
18:20 of 2nd period - Snap shot by Tyler Pitlick.
18:20 of 2nd period - Stopped by Josef Korenar with a rebound.
18:22 of 2nd period - Slapshot by Patrick Wiercioch.
18:22 of 2nd period - Shot Misses the Net.
18:24 of 2nd period - Slapshot by Ryan Pulock.
18:24 of 2nd period - Shot Misses the Net.
19:13 of 2nd period - Brendan Guhle is hit by Adam Gaudette and loses puck.
Goals for this period are 1 for Crunch vs 2 for Griffins.
Shots for this period are 10 for Crunch vs 10 for Griffins.
3rd period
0:01 of 3rd period - Lucas Lessio wins face-off versus Jayson Megna in neutral zone.
0:25 of 3rd period - Icing by Michael Ferland.
0:26 of 3rd period - Christoffer Ehn wins face-off versus Mathew Barzal in Crunch zone.
0:31 of 3rd period - Wrist shot by Christoffer Ehn.
0:31 of 3rd period - Shot Misses the Net.
0:41 of 3rd period - Snap shot by Danny Kristo.
0:41 of 3rd period - Stopped by Josef Korenar without a rebound.
0:42 of 3rd period - Jayson Megna wins face-off versus Riley Armstrong in Crunch zone.
0:48 of 3rd period - Minor Penalty to Riley Armstrong for Hooking.
0:49 of 3rd period - Greg McKegg wins face-off versus Jayson Megna in Griffins zone.
1:16 of 3rd period - Brendan Woods is hit by Noah Hanifin and loses puck.
1:23 of 3rd period - Snap shot by Michael Ferland.
1:23 of 3rd period - Stopped by Olivier Roy without a rebound.
1:24 of 3rd period - Greg McKegg wins face-off versus Jayson Megna in Griffins zone.
1:47 of 3rd period - Slapshot by Lucas Lessio.
1:47 of 3rd period - Shot Blocked by Brendan Guhle.
1:53 of 3rd period - Slapshot by Matt Roy.
1:53 of 3rd period - Shot Misses the Net.
1:55 of 3rd period - Wrist shot by Brendan Guhle.
1:55 of 3rd period - Shot Misses the Net.
2:27 of 3rd period - Jayson Megna is hit by Brendan Woods.
2:48 of 3rd period - Penalty to Riley Armstrong is over, Riley Armstrong is back on ice.
3:13 of 3rd period - Brendan Guhle is hit by Garrett Wilson.
4:01 of 3rd period - Snap shot by Sonny Milano.
4:01 of 3rd period - Stopped by Josef Korenar with a rebound.
4:19 of 3rd period - Slapshot by Patrick Wiercioch.
4:19 of 3rd period - Stopped by Josef Korenar with a rebound.
4:51 of 3rd period - Brendan Guhle is hit by Mathew Barzal and loses puck.
6:08 of 3rd period - Snap shot by Michael Ferland.
6:08 of 3rd period - Shot Misses the Net.
6:14 of 3rd period - Michael Ferland is hit by Riley Armstrong and loses puck.
7:21 of 3rd period - Jordan Oesterle is hit by Danny Kristo and loses puck.
7:52 of 3rd period - Wrist shot by Jayson Megna.
7:52 of 3rd period - Stopped by Olivier Roy with a rebound.
8:43 of 3rd period - Wrist shot by Mathew Barzal.
8:43 of 3rd period - Deflect By Danny Kristo.
8:43 of 3rd period - Shot Blocked by Dylan Strome.
8:43 of 3rd period - Puck is out of play.
8:44 of 3rd period - Mathew Barzal wins face-off versus Jayson Megna in Crunch zone.
8:49 of 3rd period - Slapshot by Danny Kristo.
8:49 of 3rd period - Shot Misses the Net.
9:07 of 3rd period - Michael Ferland is hit by Lucas Lessio and loses puck.
9:14 of 3rd period - Wrist shot by Riley Armstrong.
9:14 of 3rd period - Shot Misses the Net.
9:26 of 3rd period - Slapshot by Dalton Smith.
9:26 of 3rd period - Shot Misses the Net.
9:29 of 3rd period - Icing by Vladislav Namestnikov.
9:30 of 3rd period - Mitch Callahan wins face-off versus Vladislav Namestnikov in Griffins zone.
10:01 of 3rd period - Snap shot by Dylan Strome.
10:01 of 3rd period - Shot Misses the Net.
10:03 of 3rd period - Slapshot by Brendan Guhle.
10:03 of 3rd period - Shot Misses the Net.
10:05 of 3rd period - Snap shot by Dalton Smith.
10:05 of 3rd period - Deflect By Mitch Callahan.
10:05 of 3rd period - Shot Misses the Net.
10:05 of 3rd period - Puck is out of play.
10:06 of 3rd period - Riley Armstrong wins face-off versus Brock Boeser in Griffins zone.
10:54 of 3rd period - Snap shot by Danny Kristo.
10:54 of 3rd period - Stopped by Josef Korenar with a rebound.
11:42 of 3rd period - Wrist shot by Sonny Milano.
11:42 of 3rd period - Stopped by Josef Korenar with a rebound.
13:43 of 3rd period - Minor Penalty to Phil Oreskovic for Interference.
13:44 of 3rd period - Riley Armstrong wins face-off versus Jayson Megna in Griffins zone.
14:14 of 3rd period - Snap shot by Anthony Cirelli.
14:14 of 3rd period - Shot Misses the Net.
15:43 of 3rd period - Penalty to Phil Oreskovic is over, Phil Oreskovic is back on ice.
15:49 of 3rd period - Marcus Pettersson is hit by Dalton Smith and loses puck.
16:18 of 3rd period - Mitch Callahan is hit by Ian McCoshen and loses puck.
16:40 of 3rd period - Slapshot by Marcus Pettersson.
16:40 of 3rd period - Shot Blocked by Christoffer Ehn.
16:42 of 3rd period - Slapshot by Ryan Pulock.
16:42 of 3rd period - Stopped by Josef Korenar without a rebound.
16:43 of 3rd period - Vladislav Namestnikov wins face-off versus Jayson Megna in Crunch zone.
17:00 of 3rd period - Christoffer Ehn is hit by Riley Armstrong.
17:48 of 3rd period - Wrist shot by Sonny Milano.
17:48 of 3rd period - Shot Misses the Net.
18:39 of 3rd period - Anthony Cirelli is hit by Vladislav Namestnikov and loses puck.
Goals for this period are 0 for Crunch vs 0 for Griffins.
Shots for this period are 2 for Crunch vs 6 for Griffins.